 Dungeon Crawl Stone Soup version bcrawl-1.37.2 (webtiles) character file.

Game seed: 8306407949393658957

221016 emiel the Chopper (level 6, 53/55 HPs)
             Began as a Minotaur Fighter on Nov 20, 2022.
             Quit the game on level 4 of the Dungeon.
             The game lasted 00:02:32 (2728 turns).

emiel the Chopper (Minotaur Fighter)                Turns: 2728, Time: 00:02:33

Health: 53/55      AC: 11    Str: 23    XL:     6   Next: 63%
Magic:  5/5        EV:  5    Int:  5    God:
Gold:   155        SH: 10    Dex:  9    Spells: 5/5 levels left

rFire    . . .     GDR:     26% j - +0 war axe (flame)
rCold    . . .     SeeInvis .   c - +0 medium shield
rNeg     . . .     Gourm    .   d - +0 chain mail
rPois    .         Faith    .   (helmet restricted)
rElec    .         Spirit   .   (no cloak)
rCorr    .         Reflect  .   (no gloves)
MR       .....                  k - +0 pair of boots
Stlth    ..........             (no amulet)
HPRegen  0.19/turn              (no ring)
MPRegen  0.09/turn              (no ring)

@: no status effects
A: retaliatory headbutt, horns 2
a: no special abilities


You were on level 4 of the Dungeon.
You were not hungry.

You visited 1 branch of the dungeon, and saw 4 of its levels.

You collected 155 gold pieces.

Inventory:

Hand Weapons
 j - a +0 war axe of flaming (weapon)
Armour
 c - a +0 medium shield (worn)
 d - a +0 chain mail (worn)
 k - a +0 pair of boots (worn)
Wands
 l - a wand of polymorph (1)
Scrolls
 h - 2 scrolls of amnesia {unknown}
 i - a scroll of identify
 m - a scroll of teleportation {unknown}
 n - 2 scrolls of magic mapping {unknown}
 o - a scroll of fog {unknown}
 p - a scroll of remove curse {unknown}
Potions
 a - a potion of haste
 b - a potion of mutation {unknown}
 f - 2 potions of curing
 g - a potion of flight {unknown}
Comestibles
 e - 5 rations {!d}


   Skills:
 + Level 4.8 Fighting
 * Level 5.4 Axes
 + Level 5.0 Armour
 + Level 2.8 Dodging
 + Level 4.9 Shields


You had 5 spell levels left.
You didn't know any spells.
Your spell library was empty.

Dungeon Overview and Level Annotations

Branches:
Dungeon (4/12)
 Temple: D:4-7

Altars:
Kikubaaqudgha
The Shining One

Annotations:
D:3 1 runed door


Innate Abilities, Weirdness & Mutations

You reflexively headbutt those who attack you in melee.
You have a pair of horns on your head.


Message History

The hungry ghost hits you.
You feel slightly more hungry.
Unknown command.
You closely miss the hungry ghost. Your headbutt misses the hungry ghost.
The hungry ghost is moderately damaged.
The hungry ghost hits you.
You feel slightly more hungry.
You barely miss the hungry ghost. Your headbutt misses the hungry ghost.
The hungry ghost is moderately damaged.
The hungry ghost hits you.
You feel slightly more hungry. The hungry ghost hits you.
You feel slightly more hungry.
Unknown command.
You slice the hungry ghost!! You burn the hungry ghost!
Your headbutt misses the hungry ghost.
The hungry ghost is almost destroyed.
As you are about to starve, you manage to eat something.
You eat one of the 6 rations {!d}.
That ration really hit the spot!
You block the hungry ghost's attack.
Unknown command.
Unknown command.
Okay, then.
Are you sure you want to abandon this character and quit the game? (Confirm with "yes".)

#..........# #....
##############.#.# #....
.....#.....###.#.# ##..#
............##.#.###..##
..$...$.................
................#..#.###
..............####...#
......W.......# #.####
.......@......# #....#
............#.####.##...
.....#.....##......# #.
#############.##..###
#.#.[...# #.#.###...#
#########.#.# ##.#
#.........#.# .#
#...........# #


You could see a hungry ghost.

Vanquished Creatures
  An orc warrior (D:3)
  An orc priest (D:3)
  3 orc wizards (D:3)
  Ijyb (D:3)
  Terence (D:2)
  2 worker ants
  2 adders (D:3)
  2 oozes (D:1)
  4 dart slugs
  5 leopard geckos
  9 orcs (D:3)
  2 giant cockroaches (D:2)
  2 goblins
  6 hobgoblins
  2 jackals (D:3)
  3 quokkas
  2 bats
  A frilled lizard (D:1)
  11 kobolds
  9 rats
69 creatures vanquished.

Notes
Turn   | Place    | Note
-------+----------+-------------------------------------------
     0 | D:1      | emiel the Minotaur Fighter began the quest for the Orb.
     0 | D:1      | Reached XP level 1. HP: 19/19 MP: 0/0
   186 | D:1      | Reached XP level 2. HP: 22/27 MP: 1/1
   437 | D:1      | Reached skill level 1 in Dodging
   699 | D:2      | Noticed Terence
   706 | D:2      | Reached XP level 3. HP: 28/33 MP: 2/2
   716 | D:2      | Killed Terence
   868 | D:2      | Found an ancient bone altar of Kikubaaqudgha.
   898 | D:2      | Reached XP level 4. HP: 40/40 MP: 3/3
  1978 | D:3      | Found a glowing golden altar of the Shining One.
  2003 | D:3      | Reached XP level 5. HP: 40/47 MP: 4/4
  2061 | D:3      | Noticed an orc warrior
  2061 | D:3      | Noticed Ijyb
  2078 | D:3      | Killed Ijyb
  2079 | D:3      | Killed an orc warrior
  2080 | D:3      | Reached XP level 6. HP: 6/53 MP: 5/5
  2327 | D:3      | Reached skill level 5 in Axes
  2401 | D:3      | Found a runed door.
  2665 | D:4      | Reached skill level 5 in Armour
  2709 | D:4      | Noticed a hungry ghost
  2728 | D:4      | Quit the game

Skill      XL: |  1  2  3  4  5  6 |
---------------+-------------------+-----
Axes           | 3 4 5 |  5.4
Dodging        | 1 2 |  2.8
Fighting       | 4 |  4.8
Armour         | 4 5 |  5.0
Shields        | 4 |  4.9

Action                   |  1- 3 |  4- 6 || total
-------------------------+-------+-------++-------
Melee: War axe           |    76 |   109 ||   185
       Headbutt          |    11 |    13 ||    24
       Unarmed           |       |    10 ||    10
  Use: Scroll            |     1 |     1 ||     2
       Potion            |       |     1 ||     1
  Eat: Chunk             |     3 |    10 ||    13
       Ration            |       |     1 ||     1
Armor: Scale mail        |    24 |    15 ||    39
       Skin              |       |     2 ||     2
       Chain mail        |       |    26 ||    26
Dodge: Dodged            |    15 |    32 ||    47
Block: Medium shield     |    40 |    65 ||   105
